 Dungeon Crawl Stone Soup version 0.16.2-12-gd0ad4c3 (webtiles) character file.

170 SlimeFever the Slasher (level 5, -2/47 HPs)
             Began as a Minotaur Berserker on Sept 29, 2015.
             Was a Priest of Trog.
             Slain by Pikel
             ... wielding a +2 whip of electrocution
              (5 damage)
             ... on level 4 of the Dungeon.
             The game lasted 00:21:48 (2022 turns).

SlimeFever the Slasher (Minotaur Berserker)         Turns: 2022, Time: 00:21:48

Health: -2/47      AC:  7    Str: 27    XL:     5   Next: 25%
Magic:  2/2        EV:  9    Int:  4    God:    Trog [***...]
Gold:   110        SH:  0    Dex: 10    Spells: 0 memorised, 4 levels left

rFire  . . .     SeeInvis .     a - +1 falchion
rCold  . . .     Clarity  .     p - -2 chain mail (curse)
rNeg   . . .     SustAb   +     (no shield)
rPois  .         Gourm    .     (helmet restricted)
rElec  .         Spirit   .     (no cloak)
rCorr  .         Warding  .     (no gloves)
rMut   +         Stasis   .     (no boots)
MR     .....                    l - amulet of resist mutation
Stlth  ..........               w - ring of sustain abilities
                                d - ring of teleport control

@: mighty, not resistant to hostile enchantments, extremely unstealthy
A: retaliatory headbutt, horns 2
a: Burn Spellbooks, Berserk, Trog's Hand, Renounce Religion, Evoke Teleport
Control


You were on level 4 of the Dungeon.
You worshipped Trog.
Trog was most pleased with you.
You were not hungry.

You visited 1 branch of the dungeon, and saw 4 of its levels.

You collected 110 gold pieces.

Inventory:

Hand weapons
 a - a +1 falchion (weapon)
 g - a +0 hunting sling
 h - a +2 dagger of flaming
 k - a +0 hunting sling
 o - a +4 mace
Missiles
 e - 42 stones (quivered)
 n - 10 sling bullets of frost
 r - 23 arrows
 s - 8 curare-tipped needles
 y - 13 poisoned needles
Armour
 b - a +0 animal skin
 p - a cursed -2 chain mail (worn)
 q - a +0 scale mail
 t - a +0 ring mail
Jewellery
 d - a ring of teleport control (left hand)
 l - an amulet of resist mutation (around neck)
 w - a ring of sustain abilities (right hand)
Scrolls
 j - a scroll of recharging
 m - a scroll of identify
 u - a scroll of amnesia
Potions
 f - 2 potions of restore abilities
 x - a potion of heal wounds {unknown}
 z - a potion of might
Comestibles
 c - 2 bread rations
 i - 7 fruits
 v - a meat ration


   Skills:
 + Level 4.7 Fighting
 * Level 5.4 Long Blades
 * Level 3.1 Armour
 + Level 3.3 Dodging
 + Level 0.3 Stealth


You had 4 spell levels left.
You didn't know any spells.

Dungeon Overview and Level Annotations

Branches:
Dungeon (4/15)
 Temple: D:4-7

Altars:
Kikubaaqudgha
Ru
Vehumet
The Shining One

Annotations:
D:4 Pikel


Innate Abilities, Weirdness & Mutations

You reflexively headbutt those who attack you in melee.
You have a pair of horns on your head.


Message History

It was a potion of might.
You feel very mighty all of a sudden. The slave hits you but does no damage.
A hound comes into view.
You closely miss the slave. You headbutt the slave!!
The slave is almost dead.
Pikel hits you but does no damage.
You are electrocuted!
* * * LOW HITPOINT WARNING * * *
The slave hits you.
* * * LOW HITPOINT WARNING * * *
You closely miss the slave.
The slave is almost dead.
Pikel barely misses you. You furiously retaliate!
You headbutt Pikel! The slave hits you.
* * * LOW HITPOINT WARNING * * *
The slave hits you but does no damage. x2
You closely miss the slave.
The slave is almost dead.
Pikel hits you with a whip of electrocution.
You die...

.. #)# #.. .
.h ... #.##
..[.
#..###.....
##pp.........
#.K@<........
#.p####......
#..# ... ...#
. ##.# #. #


You could see Pikel, 3 slaves and a hound.

Vanquished Creatures
  A slave (D:4)
  2 orc wizards (D:3)
  4 adders
  2 worms
  4 giant geckos
  3 orcs (D:3)
  A ball python (D:3)
  9 bats
  4 giant cockroaches
  8 hobgoblins
  8 kobolds
  2 quokkas
  12 giant newts
  4 goblins
  8 rats
72 creatures vanquished.

Notes
Turn   | Place    | Note
--------------------------------------------------------------
     0 | D:1      | SlimeFever, the Minotaur Berserker, began the quest for the Orb.
     0 | D:1      | Reached XP level 1. HP: 19/19 MP: 1/1
   265 | D:1      | Reached skill level 4 in Long Blades
   265 | D:1      | Reached XP level 2. HP: 24/27 MP: 1/1
   697 | D:2      | Acquired Trog's second power
   701 | D:2      | Reached XP level 3. HP: 25/33 MP: 2/2
   761 | D:2      | Found a radiant altar of Vehumet.
  1112 | D:3      | Reached skill level 5 in Long Blades
  1112 | D:3      | Reached XP level 4. HP: 40/40 MP: 2/2
  1277 | D:3      | Found a sacrificial altar of Ru.
  1290 | D:3      | Reached XP level 5. HP: 36/47 MP: 2/2
  1383 | D:3      | Found a glowing golden altar of the Shining One.
  1654 | D:3      | Found an ancient bone altar of Kikubaaqudgha.
  2009 | D:4      | Noticed a slave
  2009 | D:4      | Noticed a slave
  2009 | D:4      | Noticed a slave
  2010 | D:4      | Noticed Pikel
  2011 | D:4      | Noticed a slave
  2015 | D:4      | Killed a slave
  2022 | D:4      | Slain by Pikel

Action                   |  1- 3 |  4- 6 || total
-------------------------+-------+-------++-------
Melee: Falchion          |   103 |    69 ||   172
  Use: Scroll            |     8 |       ||     8
       Potion            |     3 |     1 ||     4
 Stab: Paralysed         |       |     1 ||     1
  Eat: Bread ration      |       |     1 ||     1
